 Dungeon Crawl Stone Soup version 0.30-a0-172-gc5509c9e31 (webtiles) character file.

Game seed: 14711845107599408047

135012 KennySheep the Bludgeoner (level 17, -3/182 (189) HPs)
             Began as an Ogre Gladiator on Oct 2, 2022.
             Was the Champion of Dithmenos.
             Slain by a deep troll earth mage (16 damage)
             ... on level 1 of the Depths.
             The game lasted 01:22:14 (23873 turns).

KennySheep the Bludgeoner (Ogre Gladiator)         Turns: 23873, Time: 01:22:14

HP:   -3/182 (189)  AC:  9    Str: 31    XL:     17   Next: 18%
MP:   20/20         EV: 13    Int:  9    God:    Dithmenos [******]
Gold: 1249          SH:  0    Dex: 14    Spells: 16/16 levels left

rFire   + + .      SeeInvis .    a - +6 giant spiked club (drain)
rCold   + . .      Faith    .    (shield currently unavailable)
rNeg    + . .      Spirit   .    e - +0 troll leather armour
rPois   +          Reflect  .    c - +0 hat
rElec   +          Harm     .    (no cloak)
rCorr   +          Rampage  .    (gloves unavailable)
Will    +....                    (boots unavailable)
Stlth   ++++++++..               s - amulet of regeneration
HPRegen 2.10/turn                b - +4 ring of protection
MPRegen 0.17/turn                x - ring of Baifaod {+Blink rF+ rN+ Str+3 Dex+4}

@: resistant, wreathed by umbra, lightly drained, invisible
A: large, unfitting armour, tough skin 1
a: Renounce Religion, Evoke Blink, Shadow Step, Shadow Form


You were on level 1 of the Depths.
You worshipped Dithmenos.
Dithmenos was exalted by your worship.
You visited 3 branches of the dungeon, and saw 22 of its levels.
You visited 1 bazaar.
You visited 1 ziggurat, and saw 5 of its levels.
You also visited: Bailey and Ice Cave.

You collected 1846 gold pieces.
You spent 597 gold pieces at shops.

Inventory:

Hand Weapons
 a - a +6 giant spiked club of draining (weapon)
Missiles
 d - 2 throwing nets
 I - 45 poisoned darts
 Z - 45 large rocks (quivered)
Armour
 c - a +0 hat (worn)
 e - a +0 troll leather armour (worn)
Jewellery
 b - a +4 ring of protection (left hand)
 f - a +4 ring of protection
 s - an amulet of regeneration (around neck)
 u - the amulet of Beusecw {RegenMP *Corrode Int+8}
   (You found it on level 14 of the Dungeon)

   [amulet of magic regeneration]

   It increases your rate of magic regeneration.
   Int:       It affects your intelligence (+8).
   *Corrode:  It may corrode you when you take damage.
 x - the ring of Baifaod (right hand) {+Blink rF+ rN+ Str+3 Dex+4}
   (You bought it in a shop in a bazaar)

   [ring of positive energy]

   Str:       It affects your strength (+3).
   Dex:       It affects your dexterity (+4).
   rF:        It protects you from fire.
   rN:        It protects you from negative energy.
   +Blink:    It lets you blink.
 C - a ring of poison resistance
 K - the ring of the Heavens {Will+ Str+6}
   (You found it on level 14 of the Dungeon)

   [ring of strength]

   Str:       It affects your strength (+6).
   Will:      It increases your willpower.
Wands
 m - a wand of digging (9)
 o - a wand of flame (58)
 p - a wand of mindburst (25)
 w - a wand of acid (16)
 y - a wand of polymorph (7)
 B - a wand of charming (34)
 G - a wand of roots (22)
Scrolls
 l - a scroll of silence
 n - 4 scrolls of fog
 q - 3 scrolls of vulnerability
 r - 3 scrolls of immolation
 z - a scroll of identify
 D - 5 scrolls of teleportation
 E - a scroll of amnesia
 H - 5 scrolls of enchant armour
 O - 2 scrolls of fear
 W - 2 scrolls of magic mapping
Potions
 g - 2 potions of curing
 h - 4 potions of cancellation
 i - 3 potions of magic
 j - 7 potions of might
 k - 7 potions of flight
 t - 3 potions of attraction
 A - 5 potions of brilliance
 J - a potion of haste
 Q - a potion of mutation
 S - 2 potions of ambrosia
 U - 2 potions of berserk rage


   Skills:
 + Level 16.6 Fighting
 * Level 16.7 Maces & Flails
 * Level 14.4 Throwing
 * Level 2.8 Armour
 - Level 9.4 Dodging
 + Level 10.3 Stealth
 - Level 4.0 Invocations


You had 16 spell levels left.
You didn't know any spells.
Your spell library contained the following spells:

 Spells                   Type           Power      Damage    Failure   Level
 Shock                    Conj/Air       0%         1d3       41%         1
 Cigotuvi's Dreadful Rot  Necr/Pois/Air  0%         N/A       56%         2
 Dazzling Flash           Conj/Hex       0%         N/A       80%         3
 Frozen Ramparts          Ice            0%         1d1       80%         3
 Hailstorm                Conj/Ice       0%         3d3       80%         3
 Swiftness                Air            0%         N/A       80%         3
 Airstrike                Air            0%         2d(0-16)  99%         4
 Dispel Undead            Necr           0%         3d6       99%         4
 Ice Form                 Ice/Tmut       0%         N/A       99%         4
 Iskenderun's Mystic Bla  Conj/Tloc      0%         2d3       99%         4
 Summon Ice Beast         Ice/Summ       0%         N/A       99%         4
 Death Channel            Necr           0%         N/A       100%        6
 Simulacrum               Ice/Necr       0%         N/A       100%        6
 Starburst                Conj/Fire      0%         6d3       100%        6
 Malign Gateway           Summ/Tloc      0%         N/A       100%        7
 Summon Horrible Things   Summ           0%         N/A       100%        8


Dungeon Overview and Level Annotations

Branches:
Dungeon (15/15)            Temple (0/1) D:7            Lair (5/5) D:8
 Shoals (0/4) Lair:3       Spider (0/4) Lair:3        Slime (0/5) Lair:4
    Orc (0/2) D:12         Vaults (0/5) D:13         Depths (2/4) D:15
 Bailey (visited)           IceCv (visited)

Altars:
Ashenzari
Cheibriados
Dithmenos
Gozag
Kikubaaqudgha
Qazlal
Ru
Sif Muna
Trog
Uskayaw
Vehumet
Xom
The Shining One

Shops:
D:2 *   D:9 :

Portals:
Abyss: Depths:1

Annotations:
D:15 2 transporters
Lair:4 1 runed translucent door
Depths:1 exclusion: orange crystal statue


Innate Abilities, Weirdness & Mutations

You are too large for most types of armour.
You have tough skin. (AC +1)


Message History

You emit a cloud of dark smoke.
The deep troll claws you but does no damage.
The deep troll earth mage points next to the tengu conjurer and mumbles some strange words.
Some rock shatters into small pieces.
The tengu conjurer barely misses you.
The tengu conjurer pecks you but does no damage.
The tengu conjurer closely misses you. The deep troll misses you.
The deep troll claws you.
The deep troll claws you but does no damage.
You hit the deep troll shaman. You drain the deep troll shaman.
The deep troll shaman is moderately wounded.
The deep troll bites you but does no damage.
The deep troll completely misses you.
The deep troll claws you but does no damage.
The deep troll earth mage bites you!!
You emit a cloud of dark smoke.
The deep troll earth mage misses you.
The deep troll earth mage claws you but does no damage.
The tengu conjurer closely misses you. The tengu conjurer pecks you.
The tengu conjurer barely misses you.
You hear a deafening roar!
The deep troll bites you! The deep troll barely misses you.
The deep troll closely misses you.
Things that are here:
a +0 dire flail; a +0 dire flail The deep troll earth mage attacks as you move away!
The deep troll earth mage bites you!!
The deep troll earth mage closely misses you. x2
The deep troll bites you!
* * * LOW HITPOINT WARNING * * *
The deep troll claws you!
* * * LOW HITPOINT WARNING * * *
The deep troll claws you!
* * * LOW HITPOINT WARNING * * *
The deep troll earth mage closely misses you. x2
The deep troll earth mage claws you!
* * * LOW HITPOINT WARNING * * *
A hell knight comes into view.
It is wielding a +1 broad axe and wearing a +2 chain mail of poison resistance.
You see here a book of Party Tricks.
The deep troll earth mage attacks as you move away!
The deep troll earth mage bites you!
You die...

## . .. .. ## ###.
...#.# .#.
.#.D.... §.
....T.§##p### .
.....§T§§T§.##....
.T.CQCTT@"......
.....§§§##..'....
....#'#'#####....
##' #!....# ### #
#.....#
###.##.>...#
.....'.[...#
'#####.....#
#######
##.........####
#.....#


You could see a hell knight (wandering, unable to see you), a deep troll (fast,
drained), a deep troll earth mage (fast) and a deep troll shaman.

Vanquished Creatures
  A sphinx (D:14)
  An azure jelly (Zig:4)
  4 fire giants
  2 frost giants
  2 draconian scorchers (Zig:3)
  A quicksilver ooze (Zig:2)
  7 very ugly things
  2 stone giants (Depths:2)
  A white draconian (Zig:1)
  A red draconian (Zig:3)
  A spark wasp (Depths:1)
  4 fire dragons
  2 ettins
  4 hydras
  Harold (D:9)
  6 vault guards
  2 ironbound frosthearts (IceCv)
  2 rakshasas (Depths:2)
  2 ice dragons (Depths:1)
  Erica (D:10)
  3 boulder beetles
  2 tengu warriors
  3 two-headed ogres
  5 centaur warriors
  A merfolk aquamancer (D:12)
  2 death knights
  13 death yaks
  A deep troll earth mage (Depths:1)
  2 deep troll shamans (Depths:1)
  Sonja (D:12)
  A goliath frog (Lair:5)
  7 skeletal warriors
  A flayed ghost (Depths:2)
  A deep troll (shapeshifter) (Depths:2)
  2 deep trolls
  A glowing orange brain (Depths:2)
  Pikel (D:7)
  2 phantasmal warriors
  A harpy (shapeshifter) (D:14)
  4 deep elf pyromancers
  3 wizards
  An orc knight (D:15)
  An oklob plant (Lair:4)
  A necromancer (D:15)
  32 ugly things
  5 manticores
  An orc sorcerer (D:15)
  8 cyclopes
  2 ice statues
  8 elephants
  A black mamba (Lair:4)
  A molten gargoyle (D:11)
  An eye of devastation (Zig:4)
  A torpor snail (Lair:5)
  23 cane toads
  3 water nymphs (D:12)
  2 gargoyles
  2 efreet
  A rime drake (Lair:4)
  A freezing wraith (D:14)
  2 unseen horrors
  4 komodo dragons
  4 trolls
  14 polar bears
  A meliai (shapeshifter) (D:15)
  A meliai (Lair:3)
  4 tyrant leeches (Lair:5)
  A wind drake (Lair:3)
  A hornet (shapeshifter) (D:14)
  A dream sheep (shapeshifter) (D:13)
  16 slime creatures
  A hornet (D:10)
  25 blink frogs
  Prince Ribbit (Bailey)
  A slime creature (shapeshifter) (Depths:1)
  A centaur simulacrum (D:14)
  A shadow (D:11)
  A water elemental (D:15)
  A vampire (D:11)
  60 yaks
  7 wyverns
  6 humans (Bailey)
  Eustachio (D:5)
  5 basilisks
  6 wraiths
  2 wargs
  6 vampire mosquitoes
  Menkaure (D:6)
  Duvessa (D:7)
  2 acid dragons
  11 water moccasins
  2 black bears
  3 orc warriors
  5 sky beasts
  2 ice beasts (D:6)
  2 ogres
  6 centaurs
  23 wolves
  A phantom (D:6)
  A lemure (D:7)
  21 bullfrogs
  4 kobold brigands
  2 gnoll sergeants
  17 wights
  Dowan (D:7)
  7 killer bees
  2 electric eels
  3 hounds
  4 orc priests
  2 gnoll boudas
  A jelly (D:6)
  2 iguanas
  Ijyb (D:3)
  12 orc wizards
  A mummy (D:8)
  23 gnolls
  6 adders
  3 shadow imps
  A white imp (D:5)
  An ufetubus (D:5)
  5 dart slugs
  31 orcs
  4 ball pythons
  4 bats
  A bat zombie (D:10)
  5 endoplasms
  A giant cockroach (D:1)
  22 goblins
  17 hobgoblins
  6 quokkas
  5 frilled lizards
  26 kobolds
  2 rats
  2 rat zombies (D:10)
678 creatures vanquished.

Vanquished Creatures (others)
  40 fungi
  91 plants
  3 toadstools (Depths:1)
134 creatures vanquished.

Grand Total: 812 creatures vanquished

Notes
Turn   | Place    | Note
-------+----------+-------------------------------------------
     0 | D:1      | KennySheep the Ogre Gladiator began the quest for the Orb.
     0 | D:1      | Reached XP level 1. HP: 22/22 MP: 1/1
   175 | D:1      | Reached XP level 2. HP: 29/29 MP: 2/2
   205 | D:1      | Found a faded altar of an unknown god.
   215 | D:1      | Prayed at the altar of an unknown god.
   215 | D:1      | Became a worshipper of Dithmenos the Shadowed
   215 | D:1      | Reached * piety under Dithmenos
   468 | D:1      | Reached XP level 3. HP: 33/37 MP: 3/3
  1024 | D:2      | Found Nopt's Assorted Antiques.
  1160 | D:2      | Reached ** piety under Dithmenos
  1572 | D:3      | Reached XP level 4. HP: 36/45 MP: 4/4
  1756 | D:3      | Reached skill level 1 in Invocations
  1980 | D:3      | Noticed Ijyb
  2002 | D:3      | Killed Ijyb
  2120 | D:3      | Reached XP level 5. HP: 52/54 MP: 4/6
  2145 | D:3      | Found a hide-covered altar of Uskayaw.
  2502 | D:5      | Entered Level 5 of the Dungeon
  2523 | D:5      | Noticed a black bear
  2548 | D:5      | Killed a black bear
  2549 | D:5      | Reached XP level 6. HP: 5/62 MP: 7/7
  2609 | D:5      | Found a bloodstained altar of Trog.
  2610 | D:5      | Noticed Eustachio
  2805 | D:5      | Killed Eustachio
  2806 | D:5      | Reached XP level 7. HP: 56/71 MP: 8/8
  3095 | D:5      | Reached skill level 5 in Fighting
  3095 | D:5      | Reached skill level 5 in Maces & Flails
  3494 | D:5      | Found a stormy altar of Qazlal.
  3549 | D:6      | Found a radiant altar of Vehumet.
  3549 | D:6      | Found a shimmering blue altar of Sif Muna.
  3549 | D:6      | Found a broken altar of Ashenzari.
  3625 | D:6      | Identified the +5 spear of Teat {antimagic, Fly rElec rF-
                  | Dex-4}
  3661 | D:6      | Reached XP level 8. HP: 48/80 MP: 10/10
  3826 | D:6      | Reached *** piety under Dithmenos
  3984 | D:6      | Noticed Menkaure
  3990 | D:6      | Killed Menkaure
  4586 | D:6      | Reached skill level 1 in Stealth
  4689 | D:6      | Reached **** piety under Dithmenos
  4809 | D:7      | Reached XP level 9. HP: 92/92 MP: 12/12
  4818 | D:7      | Reached skill level 5 in Throwing
  4959 | D:7      | Noticed Pikel
  4968 | D:7      | Killed Pikel
  5026 | D:7      | Found a staircase to the Ecumenical Temple.
  5663 | D:8      | Reached XP level 10. HP: 33/92 MP: 13/13
  5958 | D:7      | Noticed Duvessa
  5959 | D:7      | Noticed Dowan
  5966 | D:7      | Killed Duvessa
  5971 | D:7      | Killed Dowan
  6155 | D:7      | Reached ***** piety under Dithmenos
  6182 | D:8      | Identified the +5 ring mail of Zin's Displeasure {Fly rPois
                  | Int-5}
  6298 | D:8      | Found a staircase to the Lair.
  6470 | D:8      | Found a snail-covered altar of Cheibriados.
  7001 | D:9      | Noticed Harold
  7009 | D:9      | Killed Harold
  7027 | D:9      | Noticed a two-headed ogre
  7031 | D:9      | Killed a two-headed ogre
  7032 | D:9      | Reached XP level 11. HP: 117/117 MP: 14/14
  7046 | D:9      | Reached skill level 10 in Maces & Flails
  7144 | D:9      | Identified the +12 hand axe of Distraction {flame, Fly
                  | Str-3 Dex+6}
  7169 | D:9      | Found Anogum's Self-Improvement Boutique.
  7182 | D:9      | Reached skill level 10 in Fighting
  7191 | D:9      | Reached skill level 5 in Stealth
  7406 | D:9      | Found a glowing golden altar of the Shining One.
  7406 | D:9      | Found a sacrificial altar of Ru.
  7434 | D:9      | HP: 5/117 [orc wizard/magic dart (4)]
  7434 | D:9      | HP: 2/117 [orc wizard/+2 dagger of venom (3)]
  7588 | Lair:1   | Entered Level 1 of the Lair of Beasts
  8832 | Lair:3   | Reached XP level 12. HP: 12/130 MP: 15/15
  9861 | Lair:3   | Noticed a six-headed hydra
  9868 | Lair:3   | Killed a six-headed hydra
 10110 | Lair:4   | Noticed a boulder beetle
 10163 | Lair:3   | Noticed a death yak
 10163 | Lair:3   | Noticed a death yak
 10163 | Lair:3   | Noticed a death yak
 10231 | Lair:3   | Found a hole to the Spider Nest.
 10243 | Lair:3   | Found a staircase to the Shoals.
 10412 | Lair:3   | Noticed a death yak
 10611 | Lair:3   | Killed a death yak
 10618 | Lair:3   | Killed a death yak
 11137 | Lair:3   | You fall into a shaft and drop 2 floors!
 11137 | Lair:5   | Entered Level 5 of the Lair of Beasts
 11137 | Lair:5   | Noticed a death yak
 11137 | Lair:5   | Noticed a death yak
 11137 | Lair:5   | Noticed a death yak
 11456 | Lair:4   | Noticed a six-headed hydra
 11464 | Lair:4   | Reached skill level 5 in Dodging
 11469 | Lair:4   | Killed a six-headed hydra
 11470 | Lair:4   | Reached XP level 13. HP: 32/141 MP: 16/16
 11681 | Lair:4   | Found a runed translucent door.
 11682 | Lair:4   | Found a staircase to the Slime Pits.
 12120 | Lair:4   | Reached skill level 10 in Throwing
 12675 | Lair:5   | Reached ****** piety under Dithmenos
 13058 | D:10     | Entered Level 10 of the Dungeon
 13115 | D:10     | Found a flagged portal.
 13134 | Bailey   | Entered a bailey
 13262 | Bailey   | Noticed a vault guard
 13262 | Bailey   | Noticed Prince Ribbit
 13268 | Bailey   | Killed Prince Ribbit
 13271 | Bailey   | Killed a vault guard
 13302 | Bailey   | Noticed a vault guard
 13315 | Bailey   | Killed a vault guard
 13411 | D:10     | Noticed Erica
 13422 | D:10     | Killed Erica
 13473 | D:10     | HP: 7/144 [poisoned by a killer bee]
 13478 | D:10     | HP: 7/145 [poisoned by a killer bee]
 13638 | D:10     | Reached XP level 14. HP: 152/154 MP: 17/17
 13764 | D:10     | Found a shimmering altar of Xom.
 13805 | D:10     | Paralysed by a hornet for 1 turns
 13817 | D:10     | Paralysed by a hornet for 1 turns
 13901 | D:10     | Found an ancient bone altar of Kikubaaqudgha.
 14150 | D:10     | Found a shadowy altar of Dithmenos.
 14406 | D:11     | Found a frozen archway.
 14425 | IceCv    | Entered an ice cave
 14530 | IceCv    | Identified the ring "Paengu Pokhe" {rCorr Str+5}
 15250 | IceCv    | Identified the +9 battleaxe of Checkmate {vorpal, rElec}
 17606 | Lair:5   | HP: 5/157 [acid (5)]
 17611 | Lair:5   | HP: 4/157 [poisoned by a water moccasin]
 18012 | Lair:5   | Reached XP level 15. HP: 32/165 MP: 18/18
 18135 | Lair:5   | Identified the +8 dagger of the Tiger {protect, Fly rElec
                  | rN++ Str+2}
 18461 | D:12     | Reached skill level 15 in Maces & Flails
 18464 | D:12     | Noticed Sonja
 18571 | D:12     | Killed Sonja
 18627 | D:12     | Found a staircase to the Orcish Mines.
 19222 | D:13     | Reached skill level 15 in Fighting
 19462 | D:13     | Found a gate to the Vaults.
 20697 | D:14     | Found a gateway to a bazaar.
 20704 | Bazaar   | Entered a bazaar
 20704 | Bazaar   | Found Gumipir's General Store.
 20704 | Bazaar   | Found Ceuffy's Jewellery Shoppe.
 20704 | Bazaar   | Found Sos Jig's Weapon Emporium.
 20720 | Bazaar   | Bought the ring of Baifaod {+Blink rF+ rN+ Str+3 Dex+4} for
                  | 389 gold pieces
 20726 | Bazaar   | Bought a potion of heal wounds for 80 gold pieces
 20730 | Bazaar   | Bought 2 scrolls of fog for 128 gold pieces
 20815 | D:14     | Noticed a sphinx
 20819 | D:14     | Killed a sphinx
 20820 | D:14     | Identified the +6 dagger "Ifotri Ynko" {spect, rF+ rC+
                  | Int+4 Dex-4}
 20821 | D:14     | Identified the ring of the Heavens {Will+ Str+6}
 20827 | D:14     | Identified the +2 helmet of Least Resistance {rC+ rCorr}
 20830 | D:14     | Identified the amulet of Beusecw {RegenMP *Corrode Int+8}
 21136 | D:15     | Entered Level 15 of the Dungeon
 21183 | D:15     | Reached XP level 16. HP: 123/176 MP: 19/19
 21244 | D:15     | Found a transporter.
 21728 | D:15     | Found a transporter.
 21751 | D:15     | Found a staircase to the Depths.
 21947 | Depths:1 | Entered Level 1 of the Depths
 22192 | Depths:2 | Reached skill level 10 in Stealth
 22426 | Depths:2 | Found an opulent altar of Gozag.
 22690 | Depths:1 | Found a one-way gateway to a ziggurat.
 22881 | Depths:1 | Found a one-way gate to the infinite horrors of the Abyss.
 23097 | Depths:2 | Reached skill level 1 in Armour
 23113 | Depths:2 | HP: 8/180 [white very ugly thing (30)]
 23348 | Depths:1 | Reached XP level 17. HP: 32/188 MP: 20/20
 23520 | Zig:1    | Entered Level 1 of a ziggurat
 23558 | Zig:2    | Entered Level 2 of a ziggurat
 23575 | Zig:3    | Entered Level 3 of a ziggurat
 23676 | Zig:4    | Entered Level 4 of a ziggurat
 23694 | Zig:4    | HP: 2/189 [rockslime (33)]
 23695 | Zig:4    | Identified the +10 shortbow of Gloom {venom, Fragile +Blink
                  | rCorr Str+2}
 23697 | Zig:5    | Entered Level 5 of a ziggurat
 23709 | Zig:5    | Noticed a dread lich
 23717 | Zig:5    | Identified the +3 broad axe "Ivyth" {freeze, Stlth+}
 23873 | Depths:1 | Slain by a deep troll earth mage

Illustrated notes

Levels and vault maps discovered:
D:1:      tarquinn_simple_flora_water_a, layout_basic,
          dilly_ecumenical_altar_fadedgnrine
D:2:      minmay_skewed_foursquare, layout_basic, serial_shops, shop
D:3:      layout_loops_ring, mainiacjoe_overflow_alcove_4,
          roderic_serpentine_path, uniq_ijyb
D:4:      layout_basic, lemuel_tele_altar
D:5:      layout_loops_ring, mainiacjoe_overflow_alcove_2,
          mainiacjoe_overflow_catwalk, solitary_fountain, serial_park_tiny_2,
          uniq_eustachio
D:6:      corexii_shantytown, layout_loops_ring,
          gammafunk_temple_overflow_forgotten, uniq_menkaure
D:7:      layout_rooms, minmay_temple_entry_overgrown, uniq_duvessa, uniq_pikel
D:8:      nicolae_cairo_tiling_large_dashed, layout_loops_corners, slow_altar_1,
          erik_lair_orcish_takeover, reono_crystal_passage
D:9:      layout_gridville, mainiacjoe_overflow_large_starburst,
          nicolae_shop_self_help, uniq_harold
D:10:     layout_irregular_city, lemuel_zombie_altar_kikubaaqudgha,
          nicolae_dithmenos_the_darkroom, general_overflow_altar,
          enter_bailey_3, uniq_erica
D:11:     layout_loops_corners, portal_ice_cave_entry_pillars_2,
          kennysheep_generic_room_4
D:12:     layout_basic, orc_0_dummy, amethyst_killhole, mrwooster_statue_mirror,
          nicolae_splish_splash, uniq_sonja
D:13:     layout_cave_pods, lightli_vaults_fourway_checkpoint
D:14:     minmay_the_grid_net [minmay_the_grid_slots,
          minmay_the_grid_zigzag_pyramid, minmay_the_grid_holed_spiral,
          minmay_the_grid_stretched_grid, minmay_the_grid_broken_lines,
          minmay_the_grid_prize_diamond_cup], layout_rooms, serial_shops,
          statue_bzr
D:15:     hangedman_depths_entry_civil_slaughter, layout_basic, minivault_14,
          nicolae_diode_stairs
Lair:1:   layout_roguey, beast_lair_carwin_2
Lair:2:   layout_hall_layers
Lair:3:   layout_roguey, minmay_shoals_entry_beasts,
          hellmonk_spider_entry_not_the_bees
Lair:4:   layout_roguey, slime_entry_2, minivault_25, minmay_lair_oklob_items,
          st_stairs_8, nicolae_lair_lil_pond, cheibrodos_lair_lostbears
Lair:5:   minmay_lair_end_frog_pond, layout_regular_city,
          amcnicky_mini_pool_medium
Depths:1: layout_gridlike, enter_ziggurat_a, hellmonk_bongcloud_opening,
          hell_entry, abyss_entry, minivault_16, minmay_gold_behind_fungi,
          onia_ninara_cookie, grunt_megastairs_1, uniq_asterion
Depths:2: cheibrodos_leafed_vault, layout_cave_shapes,
          nzn_wu_jian_contemplation, pf_coc_iceberg, rand_demon_pan_entry_4,
          nicolae_gozag_cash_rules_everything_around_me, grunt_megastairs_2

Skill      XL: |  1  2  3  4  5  6  7  8  9 10 11 12 13 14 15 16 17 |
---------------+----------------------------------------------------+-----
Fighting       | 3 4 5 6 8 9 11 12 13 14 15 16 | 16.6
Maces & Flails | 3 4 5 6 8 9 11 12 13 14 15 16 | 16.7
Dodging        | 3 4 5 6 7 8 9 |  9.4
Invocations    | 1 2 3 4 |  4.0
Throwing       | 3 4 6 7 8 9 10 11 12 14 | 14.4
Stealth        | 1 3 4 5 7 8 9 10 | 10.3
Armour         | 1 2 |  2.8

Action                   |  1- 3 |  4- 6 |  7- 9 | 10-12 | 13-15 | 16-18 || total
-------------------------+-------+-------+-------+-------+-------+-------++-------
Melee: Flail             |   127 |   205 |    57 |       |       |       ||   389
       Punch             |     1 |     3 |       |       |       |       ||     4
       Giant club        |       |       |   273 |       |       |       ||   273
       Giant spiked club |       |       |   136 |   435 |   802 |   239 ||  1612
Throw: Stone             |     2 |       |       |       |       |       ||     2
       Dart              |       |       |     3 |       |       |       ||     3
       Throwing net      |       |       |     2 |     1 |     6 |       ||     9
       Large rock        |       |       |       |    15 |    27 |    49 ||    91
Evoke: Wand              |       |       |       |     1 |       |       ||     1
  Use: Scroll            |     2 |     3 |     7 |     7 |    14 |     2 ||    35
       Potion            |       |     1 |     1 |    18 |     1 |     9 ||    30
 Stab: Sleeping          |     1 |       |     9 |     6 |    39 |    14 ||    69
       Held in net/web   |       |       |     1 |       |     2 |       ||     3
       Distracted        |       |       |       |     1 |     4 |     1 ||     6
       Invisible         |       |       |       |       |       |     2 ||     2
Armor: Robe              |    54 |   164 |   226 |   170 |   279 |       ||   893
       Troll leather arm |       |       |       |       |    54 |    35 ||    89
       Fire dragon scale |       |       |       |       |       |    14 ||    14
Dodge: Dodged            |    90 |   250 |   319 |   299 |   595 |   113 ||  1666

Table legend: (Time is in decaauts)
 A = Elapsed time spent in this place.
 B = Non-inter-level travel time spent in this place.
 C = Inter-level travel time spent in this place.
 D = Time resting spent in this place.
 E = Time spent auto-exploring this place.
 F = Levels seen in this place.
 G = Mean time per level.
                   A        B        C        D        E       F      G
               +--------+--------+--------+--------+--------+-----+--------+
         Total |  24388 |  23026 |   1362 |   4618 |  11980 |  30 |  812.9 |
       Dungeon |  14094 |  13195 |    899 |   1499 |   8017 |  15 |  939.6 |
          Lair |   7072 |   6638 |    434 |   2060 |   3107 |   5 | 1414.4 |
        Depths |   1723 |   1694 |     29 |    700 |    417 |   2 |  861.5 |
      Ziggurat |    192 |    192 |      0 |     83 |      5 |   5 |   38.4 |
        Bazaar |     36 |     36 |      0 |      0 |      0 |   1 |   36.0 |
        Bailey |    251 |    251 |      0 |      0 |    123 |   1 |  251.0 |
      Ice Cave |   1017 |   1017 |      0 |    275 |    310 |   1 | 1017.0 |
               +--------+--------+--------+--------+--------+-----+--------+

Top non-repeatable levels by time:
  Lair:4: 1723 daAuts
  Lair:5: 1705 daAuts
     D:8: 1469 daAuts
     D:6: 1329 daAuts
  Lair:3: 1269 daAuts
  Lair:1: 1255 daAuts
    D:13: 1171 daAuts
  Lair:2: 1118 daAuts
    D:10: 1094 daAuts
     D:5: 1064 daAuts
    D:12: 1022 daAuts
   IceCv: 1017 daAuts
Depths:1: 985 daAuts
    D:14: 966 daAuts
     D:7: 911 daAuts
